[Event "Early-Titled-Tuesday-Blitz-October-03-2023"]
[Site "Chess.com"]
[Date "2023.10.03"]
[Round "9"]
[White "carloseduar100"]
[Black "FERNANDEZL1983"]
[Result "0-1"]
[WhiteElo "2348"]
[BlackElo "2596"]
[TimeControl "180+1"]
[EndTime "9:45:45 PDT"]
[Termination "FERNANDEZL1983 won on time"]

1. d4 Nf6 2. Bg5 Ne4 3. h4 d5 4. Nd2 h6 5. Bf4 Nd6 6. c3 Nd7 7. Ngf3 e6 8. Qc2 c5 9. e4 cxd4 10.
exd5 exd5 11. Nxd4 Nf6 12. O-O-O Be7 13. Bxd6 Qxd6 14.
Nf5 Bxf5 15. Qxf5 O-O 16. h5 Rfc8 17. Bd3 d4 18. Ne4 Nxe4 19. Bxe4 Bg5+ 20. Kb1 Qf4 21. Qh7+ Kf8 22. Rxd4 Rd8 23. Bd5 Qf6 24. Qh8+ Ke7 25. Re1+ Kd6 26. Qh7 Kc7 27. Qe4 Re8 28. Rc4+ Kd6 29.
Qxe8 Rxe8 30. Rxe8 Kxd5 31. Rd4+ Kc6 32. Rc8+ Kb5 33.
Rb4+ Ka5 34. Rc5+ Ka6 0-1

[Event "Early-Titled-Tuesday-Blitz-October-03-2023"]
[Site "Chess.com"]
[Date "2023.10.03"]
[Round "9"]
[White "andrzej"]
[Black "Vesper2018"]
[Result "0-1"]
[WhiteElo "2459"]
[BlackElo "2583"]
[TimeControl "180+1"]
[EndTime "9:45:45 PDT"]
[Termination "Vesper2018 won by checkmate"]

1. e4 c5 2. Nf3 d6 3. d4 cxd4 4. Nxd4 Nf6 5. Nc3 a6 6. Be3 e5 7. Nb3 Be6 8. h3 Be7 9. Qf3 O-O 10. O-O-O b5 11. g4 b4 12. Nd5 Nxd5 13. exd5 Bc8 14.
Kb1 a5 15. Nd2 f5 16. gxf5 Bxf5 17. Qg2 Nd7 18. Rg1 Rf7 19. Bd3 g6 20. Ne4 a4 21.
Ng5 Bxg5 22. Bxg5 Qc7 23. Bxf5 Rxf5 24. Qg4 Rxf2 25. Qe6+ Kh8 26. Rc1 a3 27. Rgf1 Raf8 28. Rxf2 Rxf2 29. Qe8+ Nf8 30. Bd8 Qg7 31. b3 e4 32. c3 bxc3 33. Rc2 Rf1+ 34. Rc1 c2+ 35. Kxc2 Qb2# 0-1

[Event "Early-Titled-Tuesday-Blitz-October-03-2023"]
[Site "Chess.com"]
[Date "2023.10.03"]
[Round "9"]
[White "JoseRemolar"]
[Black "QuintilianoR"]
[Result "0-1"]
[WhiteElo "2472"]
[BlackElo "2663"]
[TimeControl "180+1"]
[EndTime "9:45:48 PDT"]
[Termination "QuintilianoR won on time"]

1. e4 c5 2. Nf3 d6 3. d4 cxd4 4. Nxd4 Nf6 5. Nc3 a6 6. Bc4 e6 7. Bb3 b5 8. Be3 Be7 9. f3 O-O 10. g4 b4 11. Nce2 Bd7 12. Qd2 Nc6 13. g5 Nxd4 14.
Nxd4 Nh5 15. f4 g6 16. O-O-O a5 17. f5 a4 18. Bc4 Qc7 19. Be2 b3 20. a3 bxc2 21.
Qxc2 Qb7 22. Kb1 Rfc8 23. Qd3 Rab8 24. Rd2 e5 25. Nf3 Bc6 0-1

[Event "Early-Titled-Tuesday-Blitz-October-03-2023"]
[Site "Chess.com"]
[Date "2023.10.03"]
[Round "9"]
[White "Abund"]
[Black "tetrix83"]
[Result "0-1"]
[WhiteElo "2773"]
[BlackElo "2641"]
[TimeControl "180+1"]
[EndTime "9:45:49 PDT"]
[Termination "tetrix83 won by resignation"]

1. e4 c5 2. Nf3 d6 3. Bb5+ Bd7 4. Bxd7+ Nxd7 5. O-O Ngf6 6. Qe2 e6 7. b3 Be7 8. Bb2 O-O 9. c4 a6 10. d3 b5 11. Nc3 b4 12. Nd1 e5 13. Ne3 Nh5 14. g3 g6 15. Nd2 Bg5 16. Nd5 Ndf6 17. f4 Nxd5 18. exd5 exf4 19. Ne4 fxg3 20. hxg3 f5 21. Nxg5 Qxg5 22. Rf3 Rae8 23. Qg2 Re7 24. Raf1 Rfe8 25. Bc1 Qg4 26. R3f2 Nxg3 27. Bf4 Ne2+ 28. Rxe2 Rxe2 29. Qxg4 fxg4 30. Bxd6 Rxa2 31. Bxc5 Ree2 32. Rf2 Rxf2 33. Bxf2 Rd2 34. d4 g3 35. Be3 Rd3 36. d6 Kf7 37.
Bf4 Rxd4 38. Bxg3 Rd3 39. Kg2 Ke6 40. c5 Kd7 41. Be1 Rxb3 42. Bf2 Rd3 43. Kf1 b3 44. Ke2 Rd5 45. Kf3 b2 46. Ke4 Rf5 47. Bd4 b1=Q+ 48.
Ke3 Qe1+ 0-1

[Event "Early-Titled-Tuesday-Blitz-October-03-2023"]
[Site "Chess.com"]
[Date "2023.10.03"]
[Round "9"]
[White "MokshAD1603"]
[Black "MatyChess1"]
[Result "0-1"]
[WhiteElo "2607"]
[BlackElo "2745"]
[TimeControl "180+1"]
[EndTime "9:45:51 PDT"]
[Termination "MatyChess1 won by resignation"]

1. e4 c6 2. Nf3 d5 3. Nc3 dxe4 4. Nxe4 Nf6 5. Qe2 Nxe4 6. Qxe4 Qa5 7. b3 Bf5 8. Qf4 Nd7 9. Bb2 e6 10. Be2 Qd5 11. d3 Qa5+ 12. Nd2 O-O-O 13. O-O Qc7 14. Qe3 Bc5 15. d4 Bd6 16. h3 Bf4 17. Qc3 Nf6 18. Bf3 h5 19. Nc4 g5 20. g3 Bxh3 21. gxf4 gxf4 22.
Rfe1 Rdg8+ 23. Kh2 Bg4 24. Ne5 Bxf3 25. Qxf3 Ng4+ 26. Kh1 Qe7 0-1

[Event "Early-Titled-Tuesday-Blitz-October-03-2023"]
[Site "Chess.com"]
[Date "2023.10.03"]
[Round "9"]
[White "vladislavkovalev"]
[Black "DefiantChair"]
[Result "1-0"]
[WhiteElo "2869"]
[BlackElo "2569"]
[TimeControl "180+1"]
[EndTime "9:45:53 PDT"]
[Termination "vladislavkovalev won by resignation"]

1. e4 e5 2. Nf3 Nc6 3. Bb5 a6 4. Ba4 Nf6 5. O-O Be7 6. d3 b5 7.
Bb3 d6 8. a3 O-O 9. Nc3 Nd4 10.
Nxd4 exd4 11. Nd5 Nxd5 12. Bxd5 Rb8 13. a4 Be6 14. Bxe6 fxe6 15. axb5 axb5 16. f4 Qd7 17. Bd2 c5 18. Qg4 Rfd8 19. Ra6 e5 20. Qg3 Bf6 21. fxe5 Bxe5 22. Bf4 Bxf4 23. Qxf4 Ra8 24. Rfa1 Rxa6 25. Rxa6 d5 26. e5 Rf8 27. Qg3 Qf5 28. h3 Re8 29. e6 Rxe6 30. Qb8+ Kf7 31. Ra7+ Kg6 32. Qg3+ Kh5 33. Rxg7 Kh6 34. Rg4 1-0

[Event "Early-Titled-Tuesday-Blitz-October-03-2023"]
[Site "Chess.com"]
[Date "2023.10.03"]
[Round "9"]
[White "Bilan_Danila"]
[Black "Elprofessor21"]
[Result "1-0"]
[WhiteElo "2536"]
[BlackElo "2654"]
[TimeControl "180+1"]
[EndTime "9:45:53 PDT"]
[Termination "Bilan_Danila won on time"]

1. d4 Nf6 2. Nf3 c5 3. e3 cxd4 4. exd4 g6 5. c3 Bg7 6. Bg5 O-O 7. Nbd2 Nc6 8. Bc4 d5 9. Bd3 h6 10. Bh4 Nh5 11. O-O Qc7 12. Re1 Bg4 13. Bg3 Nxg3 14. hxg3 e5 15. dxe5 Nxe5 16. Be2 Nxf3+ 17. Bxf3 Be6 18.
Nb3 Qb6 19. Qd2 Rfd8 20. Rad1 Kh7 21. Re2 d4 22. Nxd4 Bxa2 23. Re7 Rab8 24. b4 a5 25.
Qxa2 Qf6 26. Rxf7 Qd6 27. bxa5 Rd7 28. Rb1 Rc8 29. Rxd7 Qxd7 30. Rxb7 Qd8 31. Qf7 Qh8 32. Ne6 1-0

[Event "Early-Titled-Tuesday-Blitz-October-03-2023"]
[Site "Chess.com"]
[Date "2023.10.03"]
[Round "9"]
[White "Zq1"]
[Black "Witty_Alien"]
[Result "0-1"]
[WhiteElo "2495"]
[BlackElo "2287"]
[TimeControl "180+1"]
[EndTime "9:45:55 PDT"]
[Termination "Witty_Alien won by checkmate"]

1. d4 e5 2. dxe5 d6 3. exd6 Bxd6 4. Nf3 Nf6 5. g3 Bg4 6. Bg2 Nc6 7. O-O Qd7 8. c3 Bh3 9. Qb3 O-O-O 10. Bg5 h6 11.
Bxf6 gxf6 12. Rd1 h5 13. Rxd6 cxd6 14. Nbd2 Bxg2 15. Kxg2 h4 16. Nc4 hxg3 17. fxg3 Rde8 18. Kf2 d5 19. Ncd2 Qf5 20. Rh1 Ne5 21. Qd1 Ng4+ 22.
Ke1 Qd3 23. h3 Qe3 24. Rf1 Rxh3 25. Nb3 Rxg3 26. Nbd4 Rg2 27. Qc2 Ne5 28. Qf5+ Kb8 29. Nxe5 Qc1# 0-1

[Event "Early-Titled-Tuesday-Blitz-October-03-2023"]
[Site "Chess.com"]
[Date "2023.10.03"]
[Round "9"]
[White "Doomfist26"]
[Black "Daffidollchess2"]
[Result "1-0"]
[WhiteElo "2603"]
[BlackElo "2699"]
[TimeControl "180+1"]
[EndTime "9:45:59 PDT"]
[Termination "Doomfist26 won by resignation"]

1. e4 c5 2. Nf3 Nc6 3. Bb5 e6 4. O-O Nge7 5. Re1 a6 6. Bf1 d5 7. exd5 Qxd5 8. Nc3 Qd8 9. d3 Nf5 10. Bg5 Be7 11. Bxe7 Qxe7 12. Ne5 Nxe5 13. Rxe5 Qc7 14. Re1 O-O 15. Be2 b5 16. Bf3 Rb8 17. Ne4 Nd4 18.
c3 Nxf3+ 19. Qxf3 Bb7 20. Qe3 Rbc8 21. Rad1 Qc6 22. Qg3 Rfd8 23. Nf6+ Kh8 24. Nh5 Rg8 25. Re4 Rcd8 26. Rg4 Qd6 27. Rxg7 Qxg3 28. Rxg3 c4 29.
d4 Rxg3 30. Nxg3 e5 31. f3 exd4 32. Rxd4 Rxd4 33. cxd4 Kg7 34. Kf2 Kf6 35. Ke3 b4 36. Ne4+ Ke7 37. Nc5 Bc8 38. d5 Kd6 39. Kd4 c3 40.
bxc3 bxc3 41. Ne4+ Kc7 42. Nxc3 Bb7 43. Kc5 f5 44.
d6+ Kd7 45. Nd5 Ke6 46. Nf4+ Kd7 47. a4 a5 48. Nd3 Ke6 49. Kb6 Bc8 50. Kc7 1-0

[Event "Early-Titled-Tuesday-Blitz-October-03-2023"]
[Site "Chess.com"]
[Date "2023.10.03"]
[Round "9"]
[White "AsaHoffmann"]
[Black "a-z30"]
[Result "0-1"]
[WhiteElo "2379"]
[BlackElo "2502"]
[TimeControl "180+1"]
[EndTime "9:45:59 PDT"]
[Termination "a-z30 won by resignation"]

1. d4 Nf6 2. Bg5 e6 3. Nd2 h6 4. Bh4 c5 5. e3 b6 6. Ngf3 Be7 7.
Bd3 O-O 8. O-O Bb7 9. a4 a6 10. c3 Nc6 11. Qe2 d5 12. h3 c4 13. Bc2 b5 14.
Bg3 Bd6 15. Ne5 Qc7 16. f4 b4 17. Rae1 bxc3 18. bxc3 Qa5 19. Ndxc4 dxc4 20. Nxc4 Qc7 21. Nxd6 Qxd6 22. e4 Qa3 23. Rf3 Na5 24. Bh4 Nd7 25. Rg3 Rfc8 26. Qg4 Qf8 27. f5 e5 28. d5 f6 29. Qg6 Kh8 30. d6 Rc6 31. Rd1 Rac8 32. Bb1 Rxc3 33. Rxc3 Rxc3 34. Ba2 Nc4 35. Rb1 Bc6 36.
Rb4 Qxd6 37. Qe8+ Nf8 38. Rb8 Kg8 39. Bf2 Bxe8 0-1

[Event "Early-Titled-Tuesday-Blitz-October-03-2023"]
[Site "Chess.com"]
[Date "2023.10.03"]
[Round "9"]
[White "grzechu96"]
[Black "scarabee43"]
[Result "0-1"]
[WhiteElo "2673"]
[BlackElo "2800"]
[TimeControl "180+1"]
[EndTime "9:46:00 PDT"]
[Termination "scarabee43 won by resignation"]

1. e4 c5 2. Nf3 e6 3. d4 cxd4 4. Nxd4 Nc6 5. Nc3 Qc7 6. Be3 a6 7. a3 b5 8. Nxc6 dxc6 9. Qg4 e5 10.
Qg3 h5 11. f4 h4 12. Qg5 exf4 13. Bxf4 Qe7 14. O-O-O Qxg5 15. Bxg5 Be7 16. Bf4 Bg4 17. Be2 Bxe2 18. Nxe2 Nf6 19. Nd4 Bc5 20. Nxc6 O-O 21. Bd6 Bxd6 22. Rxd6 Nxe4 23. Ne7+ Kh7 24. Rd4 f5 25. g4 Rae8 26. Nxf5 Nf2 27. Rf1 Re2 28. Rd7 Kh8 29. Rxg7 Rxf5 30. gxf5 Kxg7 31. b3 h3 32. Kb2 Ne4 33. Rf4 Nf6 34. Rf3 Rxh2 35. Rg3+ Kf7 36. a4 bxa4 37. bxa4 Rh1 38. c4 h2 39. Rh3 Ng4 40. Rh4 Rg1 0-1

[Event "Early-Titled-Tuesday-Blitz-October-03-2023"]
[Site "Chess.com"]
[Date "2023.10.03"]
[Round "9"]
[White "JACK_BAU3R"]
[Black "GeorgiosSouleidis"]
[Result "0-1"]
[WhiteElo "2030"]
[BlackElo "2564"]
[TimeControl "180+1"]
[EndTime "9:46:00 PDT"]
[Termination "GeorgiosSouleidis won on time"]

1. d4 Nf6 2. c3 d5 3. Bf4 Bf5 4.
Qb3 Qc8 5. Nd2 e6 6. c4 c6 7. Rc1 Nbd7 8. Ngf3 Be7 9. Nh4 Bg6 10. e3 O-O 11. Nxg6 hxg6 12. cxd5 exd5 13. h3 Re8 14. Bd3 Nf8 15. O-O Ne6 16. Bh2 Qd7 17. a3 Bd8 18.
Qc2 Bc7 19. Bxc7 Nxc7 20. b4 a6 21. a4 Ne6 22. b5 cxb5 23. axb5 a5 24. b6 Qd6 25.
Qb1 a4 26. Rc2 a3 27. Rfc1 Red8 28. Ra2 Nd7 29. Rc3 Ra5 30. Rb3 Rda8 31. Bb5 Nxb6 32. Bd3 Na4 33. Rbxa3 Nc3 34. Rxa5 Rxa5 0-1

[Event "Early-Titled-Tuesday-Blitz-October-03-2023"]
[Site "Chess.com"]
[Date "2023.10.03"]
[Round "9"]
[White "JimDiGrease"]
[Black "Indianlad"]
[Result "0-1"]
[WhiteElo "2927"]
[BlackElo "3032"]
[TimeControl "180+1"]
[EndTime "9:46:01 PDT"]
[Termination "Indianlad won on time"]

1. d4 c6 2. c4 Nf6 3. Nf3 d5 4. e3 Bf5 5. cxd5 cxd5 6. Qb3 Bc8 7. Bd2 Nc6 8. Bb5 e6 9. O-O Bd6 10. Bb4 O-O 11. Bxc6 bxc6 12. Bxd6 Qxd6 13. Nbd2 a5 14. Rfc1 Bd7 15. Ne5 Rfb8 16. Qc3 Be8 17. Rab1 a4 18. Qc5 Qxc5 19. Rxc5 Nd7 20. Nxd7 Bxd7 21. Kf1 f6 22. Ke1 Kf7 23. Rc3 Ke7 24. Kd1 e5 25. Kc1 exd4 26.
exd4 Rb4 27. Nf3 Bf5 28. Ra1 Kd6 29. a3 Rb7 30. b4 axb3 31. Kb2 Bc2 32. Nd2 Rab8 33. Re1 Ra8 34. Rce3 Ra4 35. Re6+ Kc7 36. Re7+ Kb6 37. Rxb7+ Kxb7 38. Re7+ Kb6 39. Rxg7 Rxd4 40. Nxb3 Bxb3 41. Kxb3 Rd2 42. f4 c5 43. Rf7 c4+ 44.
Kc3 Rd3+ 45. Kb4 Rb3+ 46. Ka4 d4 47. Rxf6+ Kc5 48. Rf8 d3 49. Rd8 Rb1 50. f5 Rf1 51.
g4 Rf4 52. h3 d2 53. Rc8+ Kd4 54. Rd8+ Kc3 55. Kb5 Rd4 56. Rxd4 Kxd4 0-1

[Event "Early-Titled-Tuesday-Blitz-October-03-2023"]
[Site "Chess.com"]
[Date "2023.10.03"]
[Round "9"]
[White "the_chess_child"]
[Black "Polish_fighter3000"]
[Result "0-1"]
[WhiteElo "2858"]
[BlackElo "3072"]
[TimeControl "180+1"]
[EndTime "9:46:02 PDT"]
[Termination "Polish_fighter3000 won by resignation"]

1. e4 g5 2. d4 h6 3. Nc3 d6 4. h4 g4 5. Be3 c6 6. h5 Nf6 7. f3 Qa5 8. Bc4 gxf3 9. Qxf3 Bg4 10. Qf4 Nbd7 11. Nf3 e5 12. Qg3 Rg8 13. O-O-O Bxh5 14. Qh4 Rg4 15. Qh3 exd4 16. Nxd4 Rg6 17. Nf5 Bg4 18. Qh4 Bxf5 19. exf5 Rg4 20. Bxf7+ Kxf7 21. Qh3 h5 22. Qf3 Ne5 23. Qe2 Qa6 24. Qf2 Re8 25.
Bd4 Bh6+ 26. Kb1 Bf4 27. Ne2 Ne4 28. Qf1 Nc4 29. Ka1 Ncd2 30. Qe1 Ng3 31. Nxg3 Rxe1 32. Rdxe1 Bxg3 33. Re3 Rxd4 34. Rxg3 h4 35. Re3 Re4 36. Rd3 Nc4 0-1

[Event "Early-Titled-Tuesday-Blitz-October-03-2023"]
[Site "Chess.com"]
[Date "2023.10.03"]
[Round "9"]
[White "goldihouse"]
[Black "Javylavilla"]
[Result "1-0"]
[WhiteElo "2603"]
[BlackElo "2387"]
[TimeControl "180+1"]
[EndTime "9:46:02 PDT"]
[Termination "goldihouse won by resignation"]

1. c4 Nf6 2. g3 g6 3. Bg2 Bg7 4. Nc3 O-O 5. e4 d6 6. Nge2 Nc6 7. O-O a6 8. d3 Rb8 9. a4 e5 10. h3 Nh5 11. Be3 f5 12. exf5 gxf5 13. f4 Nd4 14. Kh2 c5 15. Nd5 Re8 16. Nxd4 exd4 17. Bd2 Nf6 18. Re1 Bd7 19. a5 Nxd5 20. Bxd5+ Kh8 21.
b4 Qf6 22. Qh5 Rf8 23. bxc5 dxc5 24. Rab1 Be8 25. Qf3 Bc6 26. Re6 Bxd5 27. Qxd5 Qf7 28. Rbe1 Rbd8 29. Qxc5 Rd7 30. Re7 Rxe7 31. Qxe7 Qh5 32.
Qe2 Qg6 33. Bb4 Rg8 34. Qf3 Bf6 35. Bd6 Re8 36. Re2 Kg7 37. Qxb7+ Kh6 38. Qf3 Rg8 39. c5 Bd8 40. Be5 Bxa5 41. Bxd4 Rb8 42. Bf2 Rb1 43. Qd5 Kg7 44. Re7+ Kh6 45. Re6 Rb2 46. Rxg6+ hxg6 47. Kg1 1-0

[Event "Early-Titled-Tuesday-Blitz-October-03-2023"]
[Site "Chess.com"]
[Date "2023.10.03"]
[Round "9"]
[White "Fradi82"]
[Black "GMJustin"]
[Result "1-0"]
[WhiteElo "2335"]
[BlackElo "2204"]
[TimeControl "180+1"]
[EndTime "9:46:02 PDT"]
[Termination "Fradi82 won on time"]

1. e4 e5 2. Nf3 Nc6 3. Bc4 Bc5 4. d3 a6 5. Bg5 Nge7 6. Bb3 d6 7. c3 O-O 8. d4 Ba7 9. O-O Bg4 10. d5 Nb8 11.
h3 Bh5 12. Nbd2 Nd7 13. Bc2 h6 14. Bh4 g5 15. Bg3 f5 16. exf5 Nxf5 17. Bxf5 Rxf5 18. Qc2 Qf8 19. Qd3 Nc5 20. Qe2 e4 21. Nxe4 Re8 22.
Qc2 Nxe4 23. Nd4 Bxd4 24. cxd4 Nxg3 25. fxg3 Rxf1+ 26. Rxf1 Qg7 27. Qf5 Qxd4+ 28. Kh2 Qg7 29. Qc2 Bg6 30. Qb3 b6 31. Qc4 a5 32. b4 axb4 33. Qxb4 Re7 34. a4 Qe5 35. Qb5 h5 36. Qc6 h4 37. Rf3 hxg3+ 38. Kg1 1-0

[Event "Early-Titled-Tuesday-Blitz-October-03-2023"]
[Site "Chess.com"]
[Date "2023.10.03"]
[Round "9"]
[White "jaskol95"]
[Black "Arystanner"]
[Result "0-1"]
[WhiteElo "2625"]
[BlackElo "2824"]
[TimeControl "180+1"]
[EndTime "9:46:05 PDT"]
[Termination "Arystanner won by checkmate"]

1. d4 Nf6 2. Nc3 d5 3. Bf4 e6 4. Nb5 Bb4+ 5. c3 Ba5 6. a4 a6 7.
b4 Bxb4 8. cxb4 axb5 9. axb5 Rxa1 10. Qxa1 O-O 11. e3 Nh5 12. Bg3 Nd7 13. Nf3 Nb6 14.
Bd3 Bd7 15. Ne5 f6 16. Nxd7 Qxd7 17. Qd1 Nxg3 18. hxg3 f5 19. g4 Nc4 20. gxf5 exf5 21. Qf3 Nb2 22. Qe2 Nxd3+ 23. Qxd3 h6 24. Ke2 f4 25.
exf4 Rxf4 26. Rh3 Qg4+ 27. Kf1 Rxd4 28. Qf3 Qxf3 29. Rxf3 Rxb4 30. Rc3 Rc4 31. Re3 Kf7 32. Re5 Rc5 33. Ke2 Rxb5 34. Kd3 c6 35. Kd4 Rb2 36. Rf5+ Ke6 37. Rf3 Rc2 38. Rg3 Rxf2 39. Rxg7 Rf4+ 40. Kc5 Rc4+ 41. Kb6 Rb4+ 42. Kc5 Rb5+ 43. Kd4 Kf5 44.
g3 h5 45. Ke3 Rb4 46. Kf3 Rb3+ 47. Kf2 d4 48. Rf7+ Ke4 49. Re7+ Kd3 50. Re5 Rb5 51. Re2 Rf5+ 52. Ke1 c5 53. Rd2+ Kc4 54. Rh2 b5 55. Kd2 b4 56. Kc1 b3 57. g4 hxg4 58. Rg2 Kc3 59. Rg3+ d3 60. Rg1 c4 61. Kb1 g3 62.
Rc1+ Kb4 63. Kb2 Rf2+ 64. Kb1 g2 65. Ka1 b2+ 66. Kb1 bxc1=Q+ 67. Kxc1 g1=Q# 0-1

[Event "Early-Titled-Tuesday-Blitz-October-03-2023"]
[Site "Chess.com"]
[Date "2023.10.03"]
[Round "9"]
[White "zajka-molotok"]
[Black "fabianvivasz"]
[Result "1-0"]
[WhiteElo "2571"]
[BlackElo "2452"]
[TimeControl "180+1"]
[EndTime "9:46:09 PDT"]
[Termination "zajka-molotok won on time"]

1. e4 c5 2. Nf3 d6 3. Bb5+ Bd7 4. Bxd7+ Nxd7 5. O-O Ngf6 6. Qe2 e6 7. c4 Be7 8.
Nc3 O-O 9. d4 cxd4 10. Nxd4 Qa5 11. Bd2 Qe5 12. Nc2 Rfc8 13. Rae1 Nb6 14. b3 Qh5 15. f3 d5 16. exd5 Bc5+ 17. Kh1 exd5 18. b4 Bd6 19. g4 Qxh2+ 20. Qxh2 Bxh2 21. Kxh2 Nxc4 22. Bc1 Nd6 23. Bb2 Nb5 24. g5 Nxc3 25. gxf6 Na4 26. Ne3 Nxb2 27. Nxd5 Rc2+ 28. Kh3 gxf6 29.
Rg1+ Kh8 30. Nxf6 Nd3 31. Re7 Nf4+ 32. Kg4 1-0

[Event "Early-Titled-Tuesday-Blitz-October-03-2023"]
[Site "Chess.com"]
[Date "2023.10.03"]
[Round "9"]
[White "elmusmolamas"]
[Black "Casper"]
[Result "0-1"]
[WhiteElo "2500"]
[BlackElo "2434"]
[TimeControl "180+1"]
[EndTime "9:46:09 PDT"]
[Termination "Casper won by checkmate"]

1. e4 c5 2. Nc3 d6 3. Nge2 g6 4.
d4 cxd4 5. Nxd4 Bg7 6. g3 Nf6 7. Bg2 O-O 8. O-O Nc6 9. Nde2 e5 10. h3 Be6 11. Be3 Qd7 12. Kh2 Rad8 13. Nd5 Bxd5 14. exd5 Ne7 15. c4 a6 16. Nc3 Nf5 17. Bb6 Rc8 18.
Qd3 Qe7 19. Rae1 Nd7 20. Na4 Nxb6 21. Nxb6 Rce8 22. a4 Nd4 23. a5 f5 24. Rd1 e4 25.
Qa3 h5 26. Qa4 h4 27. Qd7 Qg5 28. Qxd6 Be5 29. Qa3 e3 30. Nd7 hxg3+ 31. Kh1 gxf2 32. Nxe5 e2 33. Nf3 Nxf3 34. Qxf3 exd1=Q 35. Qxd1 Qg3 36. d6 Re1 37. Qd5+ Kh7 38. Qxb7+ Kh6 39. Qe7 Rxf1+ 40. Bxf1 Qg1# 0-1

[Event "Early-Titled-Tuesday-Blitz-October-03-2023"]
[Site "Chess.com"]
[Date "2023.10.03"]
[Round "9"]
[White "tylityli"]
[Black "AttilaTurzo"]
[Result "0-1"]
[WhiteElo "2350"]
[BlackElo "2477"]
[TimeControl "180+1"]
[EndTime "9:46:12 PDT"]
[Termination "AttilaTurzo won on time"]

1. d4 Nf6 2. c4 e6 3. Nc3 Bb4 4. e3 b6 5. Ne2 Ba6 6. a3 Bxc3+ 7. Nxc3 d5 8. b3 Nc6 9. cxd5 Bxf1 10. Kxf1 exd5 11.
f3 O-O 12. Kf2 Re8 13. h4 Ne7 14. h5 Nf5 15. g4 Nd6 16. Qd3 h6 17. Bd2 Qd7 18.
Rag1 Kh8 19. Ne2 c5 20. Bc3 c4 21. bxc4 Nxc4 22. e4 dxe4 23. Qxc4 Rac8 24. Qb3 exf3 25. Kxf3 Nd5 26. Bd2 Qc6 27. Kf2 Re4 28. Qf3 Rce8 29. Ng3 Rxd4 30. Bxh6 gxh6 31. Rc1 Rd2+ 32. Ne2 Qe6 33.
Rhe1 Qe5 0-1

[Event "Early-Titled-Tuesday-Blitz-October-03-2023"]
[Site "Chess.com"]
[Date "2023.10.03"]
[Round "9"]
[White "Dmitry_Konenkin"]
[Black "Henryk_S"]
[Result "1-0"]
[WhiteElo "2357"]
[BlackElo "2149"]
[TimeControl "180+1"]
[EndTime "9:46:12 PDT"]
[Termination "Dmitry_Konenkin won on time"]

1. d4 d5 2. Nc3 e6 3. e4 Nf6 4.
Bg5 Be7 5. e5 Nfd7 6. Bxe7 Qxe7 7.
f4 a6 8. Nf3 c5 9. Be2 Nc6 10.
a3 cxd4 11. Nxd4 Qc5 12. Nb3 Qb6 13. Qd2 Nc5 14. Nxc5 Qxc5 15. O-O-O b5 16. Bf3 O-O 17.
Ne2 b4 18. a4 b3 19. Qc3 Qxc3 20.
Nxc3 bxc2 21. Kxc2 Nb4+ 22. Kb3 Rb8 23. Ka3 Bd7 24.
Be2 Rfc8 25. Rc1 g6 26. Rhd1 Kg7 27. Bf3 Bc6 28. Ne2 a5 29. Nd4 Bd7 30. Rc3 Nc6 31. Nb5 Nb4 32. Nd6 Rxc3+ 33. bxc3 Nc2+ 34. Ka2 Bxa4 35. Rb1 Rxb1 36. Kxb1 Ne3 37. Nb7 Bb5 38. Nxa5 Bf1 39.
g3 Bg2 40. Be2 1-0

[Event "Early-Titled-Tuesday-Blitz-October-03-2023"]
[Site "Chess.com"]
[Date "2023.10.03"]
[Round "9"]
[White "valemava"]
[Black "ChainedDowntohell"]
[Result "0-1"]
[WhiteElo "2274"]
[BlackElo "2415"]
[TimeControl "180+1"]
[EndTime "9:46:14 PDT"]
[Termination "ChainedDowntohell won by checkmate"]

1. Nf3 c5 2. c4 b6 3. b3 Bb7 4. Bb2 Nf6 5. g3 d5 6. cxd5 Qxd5 7. Bg2 e6 8. Nc3 Qh5 9. Nb5 Na6 10. h3 Be7 11.
Be5 Nd7 12. g4 Qh6 13. Nd6+ Bxd6 14. Bxd6 e5 15. Be7 Kxe7 16. O-O e4 17. Ne1 Rhe8 18. d3 Rad8 19. dxe4 Kf8 20. f4 Bxe4 21.
Bxe4 Rxe4 22. Kg2 Qc6 23. Nf3 Rde8 24. Rf2 Nb4 25. Kg3 Nd5 26. Ng5 Re3+ 27. Kh2 h6 28. Qf1 hxg5 29. fxg5 Qd6+ 30. Kh1 Kg8 31. Kg2 Qg3+ 32.
Kh1 Ne5 33. Rh2 Nf4 34. Qg1 Qxg1+ 35. Kxg1 Nxe2+ 36. Kf2 Nd3+ 37. Kf1 Nef4 38. Rd2 Re1+ 39. Rxe1 Rxe1# 0-1

[Event "Early-Titled-Tuesday-Blitz-October-03-2023"]
[Site "Chess.com"]
[Date "2023.10.03"]
[Round "9"]
[White "CristianS27"]
[Black "Rodalquilar"]
[Result "0-1"]
[WhiteElo "2503"]
[BlackElo "2712"]
[TimeControl "180+1"]
[EndTime "9:46:16 PDT"]
[Termination "Rodalquilar won on time"]

1. e4 d5 2. exd5 Qxd5 3. Nc3 Qa5 4. b4 Qxb4 5. Rb1 Qd6 6. d4 Nf6 7. Nf3 c6 8. Be2 e6 9. O-O Be7 10. Ne5 O-O 11. Bf4 Qd8 12. Re1 Nbd7 13. Bd3 Nd5 14. Nxd5 exd5 15. Nxd7 Qxd7 16. Bxh7+ Kxh7 17. Qh5+ Kg8 18. Rb3 g6 19. Qh6 Qd8 20. Rg3 Bf6 21. Be5 Bf5 22. h4 Re8 23. h5 Rxe5 24. dxe5 Bg7 25. Qf4 Qa5 26. Rb1 Re8 27. hxg6 fxg6 28. Qh4 Rxe5 29.
Rxb7 Re1+ 30. Kh2 Re8 31. Rf3 Qd8 0-1

[Event "Early-Titled-Tuesday-Blitz-October-03-2023"]
[Site "Chess.com"]
[Date "2023.10.03"]
[Round "9"]
[White "mmDarko"]
[Black "Barmen_EV"]
[Result "0-1"]
[WhiteElo "2320"]
[BlackElo "2457"]
[TimeControl "180+1"]
[EndTime "9:46:19 PDT"]
[Termination "Barmen_EV won on time"]

1. d4 Nf6 2. Nf3 g6 3. c4 Bg7 4. Nc3 O-O 5. g3 d6 6. Bg2 Re8 7. O-O Nc6 8. e4 e5 9. d5 Nb8 10. Ne1 a5 11. Nd3 c5 12. dxc6 Nxc6 13. h3 Be6 14. b3 Nd4 15. Be3 Qd7 16. h4 Bg4 17. f3 Bh3 18. Bxd4 exd4 19. Ne2 Nh5 20. Kh2 Bxg2 21. Kxg2 f5 22. exf5 Qxf5 23. g4 Rxe2+ 24. Qxe2 Qxd3 25. Qe6+ Kh8 26. gxh5 gxh5 27. Qe4 Qd2+ 28.
Rf2 Qe3 29. Re1 Qh6 30. Kf1 Qf6 31.
Rg2 Rf8 32. Rg5 h6 33. Rxh5 d3 34. Rd5 Qb2 35. Rxd3 Qh2 36. Qe2 Qh1+ 37. Kf2 Qxh4+ 38. Kg2 Rf6 39. f4 Rg6+ 40. Kf3 Qh3+ 41. Ke4 Re6+ 42. Kd5 Qf5+ 0-1

[Event "Early-Titled-Tuesday-Blitz-October-03-2023"]
[Site "Chess.com"]
[Date "2023.10.03"]
[Round "9"]
[White "Grossboss19"]
[Black "GalaxyRoman"]
[Result "0-1"]
[WhiteElo "2526"]
[BlackElo "2713"]
[TimeControl "180+1"]
[EndTime "9:46:20 PDT"]
[Termination "GalaxyRoman won by resignation"]

1. d4 Nf6 2. Nf3 e6 3. g3 b6 4.
Bg2 Bb7 5. O-O Be7 6. c4 O-O 7.
Nc3 d6 8. Re1 Nbd7 9. e4 e5 10. b3 Re8 11. Bb2 Bf8 12. Qc2 g6 13. d5 Bg7 14. b4 Rf8 15. Na4 Ne8 16. c5 Bc8 17. Nd2 f5 18. Rac1 Ndf6 19. Nc3 Rf7 20. Nc4 Ba6 21. Ne3 f4 22. Ned1 Nh5 23. g4 f3 24. Bh1 Nf4 25. Bxf3 Qh4 26. Ne3 Nh3+ 27. Kg2 Rxf3 28. Kxf3 Ng5+ 29. Kg2 Qh3+ 30. Kh1 Nf3 31. Nf1 Bxf1 0-1

[Event "Early-Titled-Tuesday-Blitz-October-03-2023"]
[Site "Chess.com"]
[Date "2023.10.03"]
[Round "9"]
[White "LeoLV10"]
[Black "verrbaa"]
[Result "1-0"]
[WhiteElo "2583"]
[BlackElo "2460"]
[TimeControl "180+1"]
[EndTime "9:46:20 PDT"]
[Termination "LeoLV10 won on time"]

1. e4 e5 2. Nf3 Nc6 3. Bb5 a6 4. Ba4 Nf6 5. O-O Be7 6. c3 Nxe4 7. Re1 Nf6 8. Nxe5 Nxe5 9. Rxe5 O-O 10. d4 d5 11. Bg5 h6 12. Bh4 Be6 13. Re1 Ne4 14. Bxe7 Qxe7 15. Nd2 Nxd2 16. Qxd2 b6 17. Re3 Qd6 18.
Rae1 c5 19. h3 c4 20. Rg3 Kh8 21. Re5 b5 22. Bc2 Rab8 23. Rh5 Bd7 24. Qg5 Rg8 25. Qxd5 Qxd5 26. Rxd5 Be6 27. Rd6 a5 28. Ra6 Ra8 29.
Rb6 Rgb8 30. Rd6 Rd8 31. Rxd8+ Rxd8 32. Be4 b4 33. Bc6 Kg8 34. Re3 Kf8 35. Re5 bxc3 36. bxc3 Rd6 37. Ba4 Rb6 38. Rb5 Ra6 39. Rb7 f5 40.
Kf1 Ra8 41. Bc6 Rc8 42. d5 Bf7 43. Ke2 Rd8 44. Rb5 1-0